 Dungeon Crawl Stone Soup version 0.32-a0-656-g3542139ebd (webtiles) character file.

Game seed: 14134067299335077858

118 porpoise the Slasher (level 4, -1/35 HPs)
             Began as a Demonspawn Gladiator on Mar 9, 2024.
             Constricted to death by a ball python (2 damage)
             ... in a sewer.
             The game lasted 00:08:43 (2990 turns).

porpoise the Slasher (Demonspawn Gladiator)         Turns: 2990, Time: 00:08:45

Health: -1/35      AC:  7    Str: 15    XL:     4   Next: 72%
Magic:  4/4        EV:  1    Int:  8    God:
Gold:   96         SH:  0    Dex: 16    Spells: 3/3 levels left

rFire   . . .        a - +0 long sword
rCold   . . .        (no shield)
rNeg    . . .        n - +0 ring mail
rPois   .            c - +0 helmet
rElec   .            (no cloak)
rCorr   .            (no gloves)
SInv    +            (no boots)
Will    .....        (no amulet)
Stlth   +            r - ring of see invisible
HPRegen 0.25/turn    (no ring)
MPRegen 0.18/turn

%: no passive effects
@: constricted
A: rugged brown scales 1, magic regeneration
a: no special abilities


You were in a sewer.
You visited 1 branch of the dungeon, and saw 3 of its levels.
You also visited: Sewer.

You collected 96 gold pieces.

Inventory:

Hand Weapons
 a - a +0 long sword (weapon)
 h - a +4 dagger
 o - a +0 rapier
Missiles
 b - 7 poisoned darts (quivered)
 d - 3 throwing nets
 e - a javelin
Armour
 c - a +0 helmet (worn)
 n - a +0 ring mail (worn)
Jewellery
 i - a +6 ring of intelligence
 j - an amulet of magic regeneration
 r - a ring of see invisible (left hand)
Scrolls
 g - a scroll of fog
 k - a scroll of immolation
 l - a scroll of identify
 m - a scroll of teleportation
Potions
 f - a potion of attraction
 p - a potion of heal wounds
 q - a potion of curing


   Skills:
 + Level 2.9 Fighting
 * Level 4.1 Long Blades
 - Level 1.7 Throwing
 - Level 2.6 Dodging
 + Level 1.9 Stealth


You had 3 spell levels left.
You didn't know any spells.
Your spell library was empty.

Dungeon Overview and Level Annotations

Branches:
Dungeon (3/15)              Sewer (1/1)

Altars:
Trog


Innate Abilities, Weirdness & Mutations

You are partially covered in rugged brown scales. (AC +1, +3% HP)
You regenerate magic rapidly.


Message History

You slash the giant cockroach!
You kill the giant cockroach!
The ball python bites you but does no damage.
The ball python constricts you.
The frilled lizard bites you but does no damage.
The ball python bites you. The ball python constricts you.
The frilled lizard bites you but does no damage.
You barely miss the ball python.
The ball python bites you but does no damage.
The ball python constricts you.
The frilled lizard bites you but does no damage. x2
The giant cockroach waves its antennae.
You closely miss the ball python.
The ball python bites you but does no damage.
The ball python constricts you. The frilled lizard bites you.
* * * LOW HITPOINT WARNING * * *
The frilled lizard bites you.
* * * LOW HITPOINT WARNING * * *
The ball python bites you but does no damage.
The ball python constricts you.
* * * LOW HITPOINT WARNING * * *
You barely miss the frilled lizard.
The frilled lizard bites you but does no damage.
The frilled lizard bites you.
* * * LOW HITPOINT WARNING * * *
The ball python bites you but does no damage.
The ball python constricts you. The frilled lizard bites you.
* * * LOW HITPOINT WARNING * * *
You slash the frilled lizard!
You kill the frilled lizard!
The frilled lizard barely misses you.
The ball python bites you but does no damage.
The ball python constricts you.
You closely miss the ball python. The ball python bites you.
* * * LOW HITPOINT WARNING * * *
The ball python constricts you.
The frilled lizard bites you but does no damage.
The ball python bites you but does no damage.
The ball python constricts you.
You die...

≈≈≈w≈≈~.#
≈≈≈≈~≈≈≈≈≈~~≈~.#
#≈≈~≈≈≈≈≈≈.~≈~.#
#######≈≈~≈~~~~.~≈~.#
~~.~≈≈≈≈≈~~~~..BB≈~.#
~≈~≈≈≈≈≈~~~~~wBB≈≈~.#
≈≈≈≈≈≈≈≈≈≈≈≈≈≈≈≈≈~~.#
~~~~~~~~~~~~~~~Sl~..#
.....~~.~.~~....@..##
####################


You could see a dart slug, 4 giant cockroaches, a ball python and a frilled
lizard.

Vanquished Creatures
  5 adders
  A dart slug (Sewer)
  4 orcs (D:3)
  6 ball pythons
  8 endoplasms
  8 giant cockroaches
  4 goblins
  3 hobgoblins
  3 jackals (D:2)
  A quokka (D:1)
  8 bats
  5 frilled lizards
  4 kobolds
  A rat (D:2)
61 creatures vanquished.

Notes
Turn   | Place    | Note
-------+----------+-------------------------------------------
     0 | D:1      | porpoise the Demonspawn Gladiator began the quest for the
                  | Orb.
     0 | D:1      | Reached XP level 1. HP: 16/16 MP: 1/1
   249 | D:1      | Reached skill level 3 in Long Blades
   277 | D:1      | Gained mutation: You are partially covered in rugged brown
                  | scales. (AC +1, +3% HP) [demonic ancestry]
   277 | D:1      | Reached XP level 2. HP: 12/22 MP: 2/2
   899 | D:2      | Reached skill level 1 in Stealth
  1136 | D:2      | Found a bloodstained altar of Trog.
  1277 | D:2      | Reached XP level 3. HP: 28/28 MP: 3/3
  1648 | D:2      | Found a faded altar of an unknown god.
  2642 | D:3      | Found a glowing drain.
  2744 | D:3      | Gained mutation: You regenerate magic rapidly. [demonic
                  | ancestry]
  2744 | D:3      | Reached XP level 4. HP: 32/35 MP: 4/4
  2793 | Sewer    | Entered a sewer
  2861 | Sewer    | Reached skill level 4 in Long Blades
  2990 | Sewer    | HP: 1/35 [ball python (3)]
  2990 | Sewer    | Constricted to death by a ball python

Illustrated notes

Levels and vault maps discovered:
D:1:      wander_arrival_estate, layout_loops_corners
D:2:      layout_basic, basic_altar, shapermc_ecumenical_altar_ellora
D:3:      layout_rooms, gup_sewer_entry_glass, minmay_statues_item,
          hangedman_decor_points
Sewer:    sewer_frog_island_01

Skill      XL: |  1  2  3  4 |
---------------+-------------+-----
Long Blades    | 3 4 |  4.1
Stealth        | 1 |  1.9
Fighting       | |  2.9
Throwing       | |  1.7
Dodging        | |  2.6

Action                     |  1- 3 |  4- 6 || total
---------------------------+-------+-------++-------
  Melee: Long sword        |   129 |    57 ||   186
  Throw: Dart              |     5 |       ||     5
    Use: Scroll            |     5 |     2 ||     7
   Stab: Sleeping          |     3 |       ||     3
 Armour: Leather armour    |    38 |       ||    38
         Ring mail         |    52 |   120 ||   172
  Dodge: Dodged            |    80 |    53 ||   133

Table legend: (Time is in decaauts)
 A = Elapsed time spent in this place.
 B = Non-inter-level travel time spent in this place.
 C = Inter-level travel time spent in this place.
 D = Time resting spent in this place.
 E = Time spent auto-exploring this place.
 F = Levels seen in this place.
 G = Mean time per level.
                   A        B        C        D        E       F      G
               +--------+--------+--------+--------+--------+-----+--------+
         Total |   3042 |   2942 |    100 |    420 |   1864 |   4 |  760.5 |
       Dungeon |   2826 |   2726 |    100 |    378 |   1847 |   3 |  942.0 |
         Sewer |    215 |    215 |      0 |     42 |     17 |   1 |  215.0 |
               +--------+--------+--------+--------+--------+-----+--------+

Top non-repeatable levels by time:
     D:2: 1350 daAuts
     D:1: 873 daAuts
     D:3: 603 daAuts
   Sewer: 215 daAuts
